[Event "Berliner Meisterschaft 2023"]
[Site "Berlin"]
[Date "2023.04.10"]
[Round "3.1"]
[White "Georg, Tscheuschner"]
[Black "Lagunow, Raphael"]
[Result "0-1"]
[TimeControl "90 minutes / 40 moves + 30 minutes + 30 seconds"]
[BlackTitle "IM"]
[WhiteFideId "12935549"]
[BlackFideId "246552644"]
[WhiteElo "2185"]
[BlackElo "2410"]

1. Nf3 d5 2. e3 Nf6 3. c4 e6 4. Nc3 Bd6 5. b3 O-O 6. Bb2 Re8 7. Be2 Nbd7 8. O-O a6 9. d4 b6 10.
Qc2 Bb7 11. Rad1 Qe7 12. cxd5 exd5 13. Nh4 g6 14. Nf3 Rac8 15. Bd3 Ne4 16. Ne2 Qf6 17. Nf4 g5 18. Nh5 Qg6 19. Ng3 f5 20.
Ne5 Nxe5 21. dxe5 Bxe5 22. Bxe5 Rxe5 23. Nxf5 Rxf5 24. f3 b5 25. a4 Qb6 26. fxe4 Qxe3+ 27. Kh1 Rxf1+ 28. Rxf1 dxe4 29. Bc4+ bxc4 30. Qxc4+ Kh8 31.
Qb4 Bd5 32. Rf8+ Bg8 33. Rf1 Rd8 34. h4 Qd4 35. Qe7 gxh4 36.
Rf4 h3 37. gxh3 Qa1+ 38. Kg2 Qg7+ 0-1

[Event "Berliner Meisterschaft 2023"]
[Site "Berlin"]
[Date "2023.04.10"]
[Round "3.2"]
[White "Lagunow, Alexander"]
[Black "Richter, Michael"]
[Result "1/2-1/2"]
[TimeControl "90 minutes / 40 moves + 30 minutes + 30 seconds"]
[WhiteTitle "IM"]
[BlackTitle "GM"]
[WhiteFideId "4616049"]
[BlackFideId "4618920"]
[WhiteElo "2341"]
[BlackElo "2465"]

1. c4 e6 2. Nc3 d5 3. d4 a6 4. c5 Nc6 5. Nf3 Nge7 6. Bf4 Ng6 7. Bg3 e5 8. dxe5 d4 9. Na4 b5 10.
cxb6 Bb4+ 11. Nd2 Ngxe5 12. a3 Qe7 13. e3 dxe3 14. fxe3 Bg4 15. Be2 Bxe2 16. Kxe2 Bxd2 17. Qxd2 Rd8 18.
Qc3 cxb6 19. Rhd1 O-O 20. Rxd8 Rxd8 21. Rd1 Rxd1 22. Kxd1 b5 23. Nc5 Nc4 24. Nxa6 h5 25. Bf4 g5 26.
b3 Qxa3 27. Bxg5 N6e5 28. Nb4 Ng4 29. Nd5 Nf2+ 30. Ke1 Ne4 31. Nf6+ Nxf6 32. Bxf6 Nd6 33. Be7 Qa6 34. Qf6 Qa5+ 35.
Kd1 Ne4 36. Qd4 Qa8 37. Kc2 Qc6+ 38. Kb2 Qe6 39. Bb4 Qg4 40. g3 Qf5 41. Ka3 Kh7 42. Bc3 f6 43. Kb4 Kg6 44. Ka5 Nc5 45.
Kb4 Ne4 46. Ka5 1/2-1/2

[Event "Berliner Meisterschaft 2023"]
[Site "Berlin"]
[Date "2023.04.10"]
[Round "3.3"]
[White "Glek, Igor"]
[Black "Foerster, Jonas"]
[Result "1-0"]
[TimeControl "90 minutes / 40 moves + 30 minutes + 30 seconds"]
[WhiteTitle "GM"]
[WhiteFideId "4100484"]
[BlackFideId "4640098"]
[WhiteElo "2443"]
[BlackElo "2295"]

1. e4 g6 2. d4 Bg7 3. Nc3 d6 4. Be3 a6 5. g4 c6 6. Bg2 Qb6 7. Rb1 Nf6 8. h3 O-O 9. Nge2 Qc7 10.
Ng3 b5 11. f4 Bb7 12. O-O Nfd7 13. Qe1 c5 14. d5 Nb6 15. b3 N8d7 16. Nce2 a5 17. Rd1 a4 18. Qf2 axb3 19. axb3 Ra2 20.
Rd2 Rfa8 21. g5 b4 22. e5 c4 23. e6 c3 24. exf7+ Kh8 25. Rdd1 Rxc2 26. Bd4 Rd2 27. Bxg7+ Kxg7 28.
Rxd2 cxd2 29. Qd4+ Kxf7 30. Qxd2 Kg8 31. Rc1 Nc5 32. Qxb4 Nbd7 33. Nd4 Qb6 34. Qxb6 Nxb6 35. Nc6 Nxb3 36.
Nxe7+ Kf8 37. Rc7 Nc5 38. Ne4 Ra1+ 39. Kh2 Nxd5 40. Nxd5 Bxd5 41. Nxc5 1-0

[Event "Berliner Meisterschaft 2023"]
[Site "Berlin"]
[Date "2023.04.10"]
[Round "3.4"]
[White "Acikel, Mert"]
[Black "Baskin, Robert"]
[Result "0-1"]
[TimeControl "90 minutes / 40 moves + 30 minutes + 30 seconds"]
[WhiteTitle "FM"]
[BlackTitle "IM"]
[WhiteFideId "12956465"]
[BlackFideId "24662402"]
[WhiteElo "2240"]
[BlackElo "2442"]

1. e4 c5 2. Nf3 d6 3. Bb5+ Nd7 4. Ba4 Ngf6 5. O-O e6 6. Re1 a6 7. c4 Be7 8. d4 cxd4 9. Nxd4 Qc7 10.
Qe2 O-O 11. Bc2 Ne5 12. b3 d5 13. exd5 Neg4 14. Nf3 Bc5 15. Rf1 exd5 16. Bb2 Re8 17. Qd2 Ne4 18. Qxd5 Ngxf2 19. Bxe4 Nxe4+ 20. Bd4 Bg4 0-1

[Event "Berliner Meisterschaft 2023"]
[Site "Berlin"]
[Date "2023.04.10"]
[Round "3.5"]
[White "Schmidek, Emil"]
[Black "Hesse, Henrik"]
[Result "1/2-1/2"]
[TimeControl "90 minutes / 40 moves + 30 minutes + 30 seconds"]
[WhiteTitle "IM"]
[WhiteFideId "12908150"]
[BlackFideId "12956465"]
[WhiteElo "2433"]
[BlackElo "2197"]

1. d4 Nf6 2. c4 g6 3. Nc3 d5 4. cxd5 Nxd5 5. e4 Nxc3 6. bxc3 Bg7 7. Nf3 c5 8. Rb1 O-O 9. Be2 cxd4 10.
cxd4 Qa5+ 11. Qd2 Qxd2+ 12. Bxd2 b6 13. O-O Bb7 14. d5 Ba6 15. Rfe1 Bxe2 16. Rxe2 Na6 17. Bg5 Rfe8 18. Rd1 Nc5 19.
Nd4 Bxd4 20. Rxd4 Rad8 21. Red2 f6 22. Be3 e6 23. Kf1 exd5 24. exd5 Re5 25. Bf4 Re4 26. Rxe4 Nxe4 27. Rd3 f5 28.
f3 Nf6 29. d6 Kf7 30. h4 Rd7 31. Kf2 Ne8 32. Kg3 Ke6 33. Re3+ Kf7 34. Rd3 Ke6 35. Re3+ Kf7 36. Ra3 Ke6 37.
Re3+ 1/2-1/2

[Event "Berliner Meisterschaft 2023"]
[Site "Berlin"]
[Date "2023.04.10"]
[Round "3.6"]
[White "Bruedigam, Martin"]
[Black "Schliebener, Stephan"]
[Result "1-0"]
[TimeControl "90 minutes / 40 moves + 30 minutes + 30 seconds"]
[WhiteTitle "IM"]
[WhiteFideId "24608033"]
[BlackFideId "4621662"]
[WhiteElo "2378"]
[BlackElo "2080"]

1. d4 Nf6 2. c4 e6 3. Nc3 Bb4 4. e3 O-O 5. Bd2 Re8 6. Bd3 d5 7. Nf3 b6 8. O-O dxc4 9. Bxc4 Bb7 10.
Qe2 Nbd7 11. Rfd1 Qe7 12. a3 Bxc3 13. Bxc3 Ne4 14. Be1 c5 15. Rac1 Red8 16. Ba6 Bd5 17. b4 h6 18. Bc4 Bxc4 19.
Qxc4 Nd6 20. Qe2 Rac8 21. bxc5 bxc5 22. dxc5 Nxc5 23. h3 Ndb7 24. Nd4 e5 25. Nf5 Qf6 26. Ng3 Rxd1 27. Rxd1 Rd8 28. Rb1 Qe6 29. e4 Rd7 30.
Qc2 Qa6 31. Qc3 Qd3 32. Rc1 Kh7 33. Qxe5 Qxa3 34. Ra1 Qd3 35. Rxa7 Qd4 36. Bc3 Qxe5 37. Bxe5 Nd3 38. Bb8 Nbc5 39.
Rxd7 Nxd7 40. Bd6 g6 41. Kf1 Nb2 42. Ke2 Nc4 43. Bc7 Na3 44. f3 Nb5 45. Ba5 Nd4+ 46. Ke3 Ne6 47. Bc3 g5 48.
Nf5 Nf4 49. Kf2 Nc5 50. Bd2 Ng6 51. Be3 Ne6 52. Nd6 Kg7 53. Ne8+ Kf8 54. Nd6 Kg7 55. Bd2 Kg8 56. Bc3 Nef4 57.
Nf5 Kh7 58. Bd2 Ne6 59. g3 Ne5 60. Bc3 Ng6 61. Nd6 Kg8 62. Ne8 Kf8 63. Nf6 Nd8 64. Ke3 Nc6 65. Bb2 Kg7 66. Kf2 Nge7 67.
Nd7+ Kg8 68. Nf6+ Kg7 69. Bc3 Kg6 70. f4 gxf4 71. gxf4 Kg7 72. Kg3 Ng8 73. Nd5+ Kh7 74. Kg4 Nce7 75.
f5 Nc6 76. Kh5 Nb8 77. h4 Na6 78. Bd4 Nb8 79. Kg4 Nd7 80. f6 Nf8 81. h5 Ne6 82. Be3 Kh8 83. Kf5 Kh7 84. e5 Kh8 85.
Nb6 Kh7 86. Nc4 1-0

[Event "Berliner Meisterschaft 2023"]
[Site "Berlin"]
[Date "2023.04.10"]
[Round "3.7"]
[White "Poltorak, Sebastian"]
[Black "Donath, Johann"]
[Result "1/2-1/2"]
[TimeControl "90 minutes / 40 moves + 30 minutes + 30 seconds"]
[WhiteTitle "FM"]
[WhiteFideId "1199498"]
[BlackFideId "24685160"]
[WhiteElo "2368"]
[BlackElo "2031"]

1. d4 Nf6 2. c4 e6 3. Nc3 Bb4 4. Nf3 b6 5. Qb3 c5 6. dxc5 Bxc5 7. Bf4 O-O 8. e3 Bb7 9. Rd1 h6 10.
Be2 d5 11. cxd5 exd5 12. O-O Nbd7 13. Nd4 Re8 14. Na4 Bf8 15. Bb5 a6 16. Bc6 Bxc6 17. Nxc6 Qc8 18. Nb4 b5 19. Nc3 Nc5 20.
Qc2 Ne6 21. Ncxd5 Nxf4 22. exf4 Nxd5 23. Qxc8 Raxc8 24. Nxd5 Re2 25. Rb1 Rcc2 26. Nc3 Red2 27. Ne4 Re2 28. Nc3 Red2 1/2-1/2

[Event "Berliner Meisterschaft 2023"]
[Site "Berlin"]
[Date "2023.04.10"]
[Round "3.8"]
[White "Glantz, Robert"]
[Black "Noeldner, Julian"]
[Result "1-0"]
[TimeControl "90 minutes / 40 moves + 30 minutes + 30 seconds"]
[WhiteTitle "FM"]
[WhiteFideId "24629596"]
[BlackFideId "16218744"]
[WhiteElo "2360"]
[BlackElo "2121"]

1. d4 Nf6 2. Nf3 d5 3. Bf4 c5 4. e3 Nc6 5. Nbd2 Qb6 6. dxc5 Qxb2 7. c4 e6 8. Rc1 Qxa2 9. Nd4 e5 10.
Nb5 exf4 11. Nc7+ Kd8 12. Nxa8 fxe3 13. fxe3 Bxc5 14. cxd5 Qxd5 15. e4 Nxe4 16. Nxe4 Bb4+ 17. Kf2 Qxd1 18.
Rxd1+ Bd7 19. Bb5 Kc8 20. Nd6+ Bxd6 21. Rxd6 Rd8 22. Rhd1 Be6 23. Rxc6+ bxc6 24. Ba6+ 1-0

[Event "Berliner Meisterschaft 2023"]
[Site "Berlin"]
[Date "2023.04.11"]
[Round "4.1"]
[White "Lagunow, Raphael"]
[Black "Glek, Igor"]
[Result "1/2-1/2"]
[TimeControl "90 minutes / 40 moves + 30 minutes + 30 seconds"]
[WhiteTitle "IM"]
[BlackTitle "GM"]
[WhiteFideId "246552644"]
[BlackFideId "4100484"]
[WhiteElo "2410"]
[BlackElo "2443"]

1. e4 e6 2. d4 d5 3. Nc3 Nf6 4. Bg5 dxe4 5. Nxe4 Be7 6. Nxf6+ Bxf6 7. Bxf6 Qxf6 8. Nf3 c5 9. Bb5+ Bd7 10.
Qd3 cxd4 11. O-O-O Nc6 12. Nxd4 O-O 13. Nxc6 Bxc6 14. Bxc6 bxc6 15. Qe3 Rfb8 16. c3 Rb5 17. Rd2 h6 18.
Qd4 Qg6 19. f3 Rd5 20. Qe3 a5 21. Rhd1 a4 1/2-1/2

[Event "Berliner Meisterschaft 2023"]
[Site "Berlin"]
[Date "2023.04.11"]
[Round "4.2"]
[White "Baskin, Robert"]
[Black "Bruedigam, Martin"]
[Result "1/2-1/2"]
[TimeControl "90 minutes / 40 moves + 30 minutes + 30 seconds"]
[WhiteTitle "IM"]
[BlackTitle "IM"]
[WhiteFideId "24662402"]
[BlackFideId "24608033"]
[WhiteElo "2442"]
[BlackElo "2378"]

1. e4 c6 2. d4 d5 3. e5 Bf5 4. Nf3 e6 5. Be2 Nd7 6. O-O Ne7 7. c3 h6 8. a4 a5 9. Na3 Qc7 10.
Nc2 Bh7 11. Nfe1 Nc8 12. f4 Ndb6 13. Nd3 Ne7 14. b3 Nd7 15. Ba3 Nc8 16. Bxf8 Nxf8 17. Ne3 Ne7 18. g4 h5 19. gxh5 Nf5 20.
Nxf5 Bxf5 21. Bg4 Qe7 22. Ra2 O-O-O 23. Rg2 Be4 24. Rg3 g6 25. hxg6 Nxg6 26. f5 exf5 27. Bxf5+ Kb8 28. Qe2 Rh4 29.
h3 Bxf5 30. Rxf5 Rdh8 31. Qf1 R8h7 32. Nc5 Ka7 33. Rgf3 Rg7 34. Rg3 Rhh7 35. Rfg5 Rh6 36. R5g4 Rgh7 37. b4 axb4 38. cxb4 Rh4 39.
b5 Rxg4 40. Rxg4 Nxe5 41. b6+ Kxb6 42. Rg3 Ka7 43. Rb3 Qg5+ 44. Kh1 Nc4 45. Rxb7+ Ka8 46. Rxf7 Rxf7 47. Qxf7 Qc1+ 48. Kh2 Qd2+ 49.
Kg3 Qg5+ 50. Kf3 Qe3+ 51. Kg2 Qg5+ 52. Kf3 Qe3+ 1/2-1/2

[Event "Berliner Meisterschaft 2023"]
[Site "Berlin"]
[Date "2023.04.11"]
[Round "4.4"]
[White "Donath, Johann"]
[Black "Schmidek, Emil"]
[Result "0-1"]
[TimeControl "90 minutes / 40 moves + 30 minutes + 30 seconds"]
[BlackTitle "IM"]
[WhiteFideId "24685160"]
[BlackFideId "12908150"]
[WhiteElo "2031"]
[BlackElo "2433"]

1. e4 e5 2. Nf3 Nc6 3. Bb5 a6 4. Ba4 Nf6 5. O-O Be7 6. Bxc6 dxc6 7. d3 Nd7 8. Nbd2 f6 9. Nh4 g6 10.
f4 exf4 11. Rxf4 Ne5 12. Nhf3 Bc5+ 13. Kf1 Be3 14. Nb3 Bxf4 15. Bxf4 Bg4 16. Qe1 Qe7 17. Qg3 Bxf3 18. gxf3 O-O-O 19. d4 Nc4 20. Re1 g5 21. Bc1 h6 22. c3 b6 23. Na1 Nd6 24. Nc2 Qe6 25. b3 f5 26. d5 Qd7 27. c4 fxe4 28.
fxe4 Nxe4 29. Qg2 cxd5 30. cxd5 Rhe8 31. d6 Qf5+ 32. Kg1 Rxd6 33. Ne3 Qc5 34. Kh1 Kb8 35. Rf1 Rf6 36. Rd1 Nf2+ 0-1

[Event "Berliner Meisterschaft 2023"]
[Site "Berlin"]
[Date "2023.04.11"]
[Round "4.5"]
[White "Poltorak, Sebastian"]
[Black "Georg, Tscheuschner"]
[Result "1-0"]
[TimeControl "90 minutes / 40 moves + 30 minutes + 30 seconds"]
[WhiteTitle "FM"]
[WhiteFideId "1199498"]
[BlackFideId "12935549"]
[WhiteElo "2368"]
[BlackElo "2185"]

1. e4 c5 2. Nc3 g6 3. d4 cxd4 4. Qxd4 Nf6 5. Nf3 Nc6 6. Qa4 d6 7. e5 dxe5 8. Nxe5 Bg7 9. Bb5 O-O 10.
Nxc6 bxc6 11. Bxc6 Rb8 12. O-O Qc7 13. Rb1 Rb6 14. Bf3 Bb7 15. Bf4 e5 16. Bxb7 exf4 17. Bf3 Rfb8 18. Qa5 R6b7 19.
Qxc7 Rxc7 20. Rfc1 Rbc8 21. Be2 Kf8 22. Bd3 f3 23. gxf3 Rc5 24. Ne2 Rg5+ 25. Kh1 Ra5 26. a3 Bh6 27.
Rd1 Nd5 28. c3 Ke7 29. Nd4 Nf4 30. Bb5 Kf6 31. a4 Nd5 32. Nb3 Rxb5 33. axb5 Nf4 34. Ra1 Nh3 35. Kg2 Nf4+ 36. Kf1 Re8 37.
Re1 Rb8 38. c4 Nd3 39. Re2 Nf4 40. Rd2 Re8 41. Rxa7 Re5 42. Rd6+ Kg5 43. Rxf7 1-0

[Event "Berliner Meisterschaft 2023"]
[Site "Berlin"]
[Date "2023.04.11"]
[Round "4.6"]
[White "Hesse, Henrik"]
[Black "Glantz, Robert"]
[Result "0-1"]
[TimeControl "90 minutes / 40 moves + 30 minutes + 30 seconds"]
[BlackTitle "FM"]
[WhiteFideId "12956465"]
[BlackFideId "24629596"]
[WhiteElo "2197"]
[BlackElo "2360"]

1. c4 e5 2. g3 d6 3. Bg2 f5 4. d3 Nf6 5. Nc3 Be7 6. e3 O-O 7. Nge2 c6 8. O-O Be6 9. b3 Nbd7 10.
Bb2 Kh8 11. d4 Rc8 12. d5 Bg8 13. Qd2 Qe8 14. dxc6 bxc6 15. Ba3 Nc5 16. Bxc5 dxc5 17. e4 Be6 18. f4 Rd8 19. Qe3 exf4 20.
Nxf4 Ng4 21. Qf3 Bf6 22. Nxe6 Qxe6 23. Rac1 Bd4+ 24. Kh1 Qh6 25. h4 Ne3 26. Rfe1 f4 27. Ne2 Nxg2 28. Kxg2 fxg3 29.
Nxd4 Rxf3 30. Nxf3 Qf4 31. Rcd1 Re8 32. e5 h6 33. Rd7 Rf8 34. Rf1 Qe4 35. Rd2 g5 36. hxg5 hxg5 37. Kxg3 Qf4+ 38.
Kg2 g4 39. Rdf2 gxf3+ 40. Rxf3 Qg4+ 41. Rg3 Qe2+ 0-1

[Event "Berliner Meisterschaft 2023"]
[Site "Berlin"]
[Date "2023.04.11"]
[Round "4.7"]
[White "Foerster, Jonas"]
[Black "Lagunow, Alexander"]
[Result "1/2-1/2"]
[TimeControl "90 minutes / 40 moves + 30 minutes + 30 seconds"]
[BlackTitle "IM"]
[WhiteFideId "4640098"]
[BlackFideId "4616049"]
[WhiteElo "2295"]
[BlackElo "2341"]

1. d4 Nf6 2. Nf3 d5 3. c4 e6 4. g3 dxc4 5. Qa4+ Nbd7 6. Bg2 a6 7. Qxc4 b5 8. Qc6 Rb8 9. Bf4 Nd5 10.
Bg5 Be7 11. Qc1 c5 12. dxc5 Nxc5 13. Qxc5 Bxc5 14. Bxd8 Kxd8 15. Ne5 Ke8 16. O-O Bb7 17. Nd2 Bd6 18. Nd3 Ke7 19. Ne4 Rhc8 20.
Rac1 Rxc1 21. Rxc1 Rc8 22. Rxc8 Bxc8 23. Nxd6 Kxd6 24. e4 1/2-1/2

[Event "Berliner Meisterschaft 2023"]
[Site "Berlin"]
[Date "2023.04.11"]
[Round "4.8"]
[White "Haug, Havard"]
[Black "Acikel, Mert"]
[Result "1-0"]
[TimeControl "90 minutes / 40 moves + 30 minutes + 30 seconds"]
[BlackTitle "FM"]
[WhiteFideId "1547887"]
[BlackFideId "12956465"]
[WhiteElo "2090"]
[BlackElo "2240"]

1. e4 e5 2. Nc3 Nf6 3. Bc4 Bc5 4. d3 c6 5. Nf3 d6 6. O-O O-O 7. Ne2 h6 8. Ng3 Re8 9. Be3 Nbd7 10.
c3 d5 11. Bxc5 Nxc5 12. exd5 cxd5 13. Bb5 Bd7 14. Bxd7 Ncxd7 15. Re1 e4 16. dxe4 dxe4 17. Nd4 Nc5 18. Qe2 Qd5 19. Red1 Qe5 20.
Rd2 Rad8 21. Rad1 Qg5 22. Ndf5 Nd3 23. Qe3 Ng4 24. Qxg5 hxg5 25. Nxe4 Rxe4 26. f3 Ne3 27. Rxd3 1-0

[Event "Berliner Meisterschaft 2023"]
[Site "Berlin"]
[Date "2023.04.12"]
[Round "5.1"]
[White "Schmidek, Emil"]
[Black "Lagunow, Raphael"]
[Result "1-0"]
[TimeControl "90 minutes / 40 moves + 30 minutes + 30 seconds"]
[WhiteTitle "IM"]
[BlackTitle "IM"]
[WhiteFideId "12908150"]
[BlackFideId "246552644"]
[WhiteElo "2433"]
[BlackElo "2410"]

1. d4 Nf6 2. c4 g6 3. f3 Bg7 4. e4 d6 5. Nc3 O-O 6. Be3 c5 7. d5 e6 8. Qd2 exd5 9. cxd5 a6 10.
a4 Re8 11. Be2 Qa5 12. Bf4 Qc7 13. Rc1 Nbd7 14. Nh3 Ne5 15. Nf2 Qa5 16. Bh6 Bh8 17. h3 Qb4 18. O-O Nh5 19. f4 Nc4 20.
Bxc4 Qxc4 21. Nb5 axb5 22. Rxc4 bxc4 23. e5 dxe5 24. g4 Nf6 25. fxe5 Rxe5 26. Re1 Rxe1+ 27. Qxe1 Bd7 28. Qe7 Re8 29.
Qxc5 Rc8 30. Qb4 Nxd5 31. Qxb7 Be6 32. a5 Bd4 33. a6 Nb6 34. a7 Bd5 35. Qb8 f6 36. Bd2 Kf7 37. Bc3 Be3 38.
Qd6 Be6 39. Bd4 Bxd4 40. Qxd4 Nd5 41. Ne4 Ke7 42. Nc5 Kd6 43. Qxc4 Rxc5 44. Qa6+ Rc6 45. Qa3+ Ke5 46. a8=Q Rc1+ 47.
Kf2 Rc2+ 48. Kf3 Nc3 49. Qb8+ 1-0

[Event "Berliner Meisterschaft 2023"]
[Site "Berlin"]
[Date "2023.04.12"]
[Round "5.2"]
[White "Glek, Igor"]
[Black "Poltorak, Sebastian"]
[Result "1-0"]
[TimeControl "90 minutes / 40 moves + 30 minutes + 30 seconds"]
[WhiteTitle "GM"]
[BlackTitle "FM"]
[WhiteFideId "4100484"]
[BlackFideId "1199498"]
[WhiteElo "2443"]
[BlackElo "2368"]

1. e4 c6 2. Nf3 d5 3. d3 Bg4 4. Nbd2 Nd7 5. h3 Bh5 6. Be2 e6 7. O-O Bd6 8. exd5 cxd5 9. Nd4 Bg6 10.
f4 Ne7 11. N2f3 O-O 12. Be3 Nc6 13. Qd2 Qe7 14. Rae1 Rae8 15. Bd1 Qd8 16. c3 f6 17. b4 a6 18. Bb3 Nb6 19. Kh1 Bc7 20.
Nxc6 bxc6 21. Bc5 Rf7 22. Nd4 Qd7 23. a4 e5 24.
a5 Nc8 25. f5 exd4 26. fxg6 hxg6 27. Rxe8+ Qxe8 28. Re1 Qd7 29. c4 Kh7 30. Qf2 g5 31. cxd5 cxd5 32. Qf3 g4 33. hxg4 g6 34.
Bxd5 1-0

[Event "Berliner Meisterschaft 2023"]
[Site "Berlin"]
[Date "2023.04.12"]
[Round "5.3"]
[White "Glantz, Robert"]
[Black "Baskin, Robert"]
[Result "0-1"]
[TimeControl "90 minutes / 40 moves + 30 minutes + 30 seconds"]
[WhiteTitle "FM"]
[BlackTitle "IM"]
[WhiteFideId "24629596"]
[BlackFideId "24662402"]
[WhiteElo "2360"]
[BlackElo "2442"]

1. b3 Nf6 2. Bb2 g6 3. Nf3 Bg7 4. g3 d5 5. c4 O-O 6. Bg2 Nc6 7. d4 dxc4 8. bxc4 e5 9. O-O exd4 10.
Nxd4 Nxd4 11. Bxd4 c6 12. Nc3 Be6 13. c5 Qa5 14. e3 Rad8 15. Qa4 Qxa4 16. Nxa4 Rd7 17. Nc3 Ng4 18. Rab1 Rfd8 19. h3 Bxd4 20. exd4 Nf6 21. Rfd1 a5 22. Rdc1 Rxd4 23. Rxb7 Rc4 24. Rbb1 Rxc5 25. a4 Rd4 26. Ne2 Rxc1+ 27. Rxc1 Rxa4 28. Rxc6 Kg7 29. Nf4 Bb3 30. Nd3 Ra1+ 31. Kh2 a4 32.
Nc5 Bc4 33. Nb7 Rc1 34. Nd6 a3 35. Nxc4 a2 36. Ra6 a1=Q 37. Rxa1 Rxa1 38. Ne3 Kf8 39. h4 Ra2 40. Kg1 Ra1+ 41.
Kh2 Nd7 42. Nd5 Ne5 43. f4 Ng4+ 44. Kh3 f5 45. h5 Ra2 46. hxg6 hxg6 47. Nb4 Rd2 48. Nc6 Kf7 49. Na5 Ke7 50.
Nb3 Rd8 51. Bc6 Rd3 52. Na5 Ra3 53. Nb7 Rc3 54. Bg2 Kd7 55. Kh4 Kc7 56. Na5 Kb6 57. Nb7 Ne3 58. Bh1 Rc1 59. Bf3 Rf1 60.
Be2 Kxb7 61. Bxf1 Nxf1 62. g4 Ne3 63. gxf5 gxf5 0-1

[Event "Berliner Meisterschaft 2023"]
[Site "Berlin"]
[Date "2023.04.12"]
[Round "5.4"]
[White "Bruedigam, Martin"]
[Black "Strache, Micheal"]
[Result "1/2-1/2"]
[TimeControl "90 minutes / 40 moves + 30 minutes + 30 seconds"]
[WhiteTitle "IM"]
[WhiteFideId "24608033"]
[BlackFideId "4693183"]
[WhiteElo "2378"]
[BlackElo "2287"]

1. d4 d5 2. c4 e6 3. Nc3 c5 4. e3 Nf6 5. Nf3 a6 6. dxc5 Bxc5 7. Be2 O-O 8. cxd5 exd5 9. O-O Nc6 10.
b3 Ba7 11. Bb2 Qd6 12. Qd3 Bg4 13. Ng5 Ne5 14. Qd2 Rad8 15. Rad1 Bb8 16. f4 Nc6 17. Bxg4 Nxg4 18. Nxd5 Qh6 19.
h3 Rxd5 20. Qxd5 Nxe3 21. Qe4 Ba7 22. Kh1 Nxf1 23. Rxf1 Qg6 24. Rd1 Qxe4 25. Nxe4 1/2-1/2

[Event "Berliner Meisterschaft 2023"]
[Site "Berlin"]
[Date "2023.04.12"]
[Round "5.5"]
[White "Lagunow, Alexander"]
[Black "Haug, Havard"]
[Result "1/2-1/2"]
[TimeControl "90 minutes / 40 moves + 30 minutes + 30 seconds"]
[WhiteTitle "IM"]
[WhiteFideId "4616049"]
[BlackFideId "1547887"]
[WhiteElo "2341"]
[BlackElo "2090"]

1. d4 d5 2. c4 e6 3. Nf3 c5 4. cxd5 exd5 5. Nc3 Nf6 6. g3 Nc6 7. Bg2 Be7 8. O-O O-O 9. b3 Ne4 10.
Bb2 cxd4 11. Nb5 Bf6 12. Nbxd4 Bg4 13. Nxc6 bxc6 14. Qc2 Bf5 15. Qc1 Rc8 16. Rd1 Re8 17. e3 c5 18. Nd2 Qe7 19.
Nxe4 Bxb2 20. Qxb2 Bxe4 21. Qe2 1/2-1/2

[Event "Berliner Meisterschaft 2023"]
[Site "Berlin"]
[Date "2023.04.12"]
[Round "5.6"]
[White "Schliebener, Stephan"]
[Black "von Herman, Ulf"]
[Result "1/2-1/2"]
[TimeControl "90 minutes / 40 moves + 30 minutes + 30 seconds"]
[BlackTitle "IM"]
[WhiteFideId "4621662"]
[BlackFideId "4608500"]
[WhiteElo "2080"]
[BlackElo "2332"]

1. d4 Nf6 2. c4 e6 3. Nc3 d5 4. cxd5 exd5 5. Bg5 Be7 6. e3 c6 7. Bd3 Nbd7 8. Qc2 Nh5 9. Bxe7 Qxe7 10.
Nge2 Nb6 11. O-O g6 12. Rae1 O-O 13. a3 Re8 14. b4 Be6 15. Na4 Nxa4 16. Qxa4 a6 17. Qb3 Nf6 18. Nf4 Qd6 19.
Qc3 Nd7 20. Rc1 1/2-1/2

[Event "Berliner Meisterschaft 2023"]
[Site "Berlin"]
[Date "2023.04.12"]
[Round "5.7"]
[White "Richter, Michael"]
[Black "Kather, Yannick"]
[Result "1-0"]
[TimeControl "90 minutes / 40 moves + 30 minutes + 30 seconds"]
[WhiteTitle "GM"]
[WhiteFideId "4618920"]
[BlackFideId "12912085"]
[WhiteElo "2465"]
[BlackElo "2137"]

1. d4 Nf6 2. Nf3 g6 3. Nc3 Bg7 4. e4 d5 5. e5 Ne4 6. Bd3 c5 7. Nxe4 dxe4 8. Bxe4 cxd4 9. Bf4 Qa5+ 10.
Qd2 Qxd2+ 11. Kxd2 f6 12. Rhe1 O-O 13. Bd5+ Kh8 14. Rad1 Nc6 15. Bxc6 bxc6 16. Nxd4 fxe5 17. Bxe5 Rxf2+ 18. Kc3 Bxe5 19. Rxe5 Rxg2 20. Rd2 Rxd2 21. Kxd2 e6 22. Nxe6 Bxe6 23. Rxe6 Rf8 24. Ke3 c5 25. c4 Kg7 26.
Rc6 Rf5 27. Rc7+ Kh6 28. Rxa7 Rh5 29. Rb7 Rxh2 30. a4 Rh1 31. a5 Ra1 32. Rb5 Kg5 33. b4 Kf5 34. Rxc5+ Kg4 35. Rd5 h5 36.
c5 Rc1 37. Kd2 Rc4 38. Kd3 Rc1 39. Rd4+ Kg3 40. Rc4 Rd1+ 41. Ke2 Rd8 42. c6 h4 43. c7 Rc8 44. b5 h3 45. b6 h2 46.
Rc1 Kg2 47. Kd3 Rf8 48. b7 1-0

[Event "Berliner Meisterschaft 2023"]
[Site "Berlin"]
[Date "2023.04.12"]
[Round "5.8"]
[White "Noetzel, Felix"]
[Black "Foerster, Jonas"]
[Result "1-0"]
[TimeControl "90 minutes / 40 moves + 30 minutes + 30 seconds"]
[WhiteFideId "24637416"]
[BlackFideId "4640098"]
[WhiteElo "2136"]
[BlackElo "2295"]

1. e4 c6 2. d4 d5 3. Nc3 dxe4 4. Nxe4 Nf6 5. Nxf6+ exf6 6. c3 Bd6 7. Bd3 O-O 8. Ne2 Re8 9. O-O Qc7 10. Ng3 Nd7 11. Nf5 Nf8 12. Nxd6 Qxd6 13. Qf3 Be6 14.
Be3 Bd5 15. Qg3 Qxg3 16. hxg3 Be4 17. Be2 Rad8 18. Rfe1 Nd7 19. f3 Bd5 20. Bf2 b5 21. b3 Nb6 22. Bd3 h5 23. Rxe8+ Rxe8 24.
Rc1 Be6 25. c4 bxc4 26. bxc4 Kf8 27. Be1 Rd8 28. Bf2 Ke8 29. a3 Kd7 30. Be3 Ke8 31. Kf2 f5 32. Ke1 Kd7 33. Kd2 Rh8 34. a4 a5 35. d5 1-0

[Event "Berliner Meisterschaft 2023"]
[Site "Berlin"]
[Date "2023.04.13"]
[Round "6.1"]
[White "Baskin, Robert"]
[Black "Glek, Igor"]
[Result "1/2-1/2"]
[TimeControl "90 minutes / 40 moves + 30 minutes + 30 seconds"]
[WhiteTitle "IM"]
[BlackTitle "GM"]
[WhiteFideId "24662402"]
[BlackFideId "4100484"]
[WhiteElo "2442"]
[BlackElo "2443"]

1. e4 e6 2. d4 d5 3. Nc3 Nf6 4. Bg5 dxe4 5. Nxe4 Be7 6. Bxf6 Bxf6 7. Nf3 Bd7 8. c3 Bc6 9. Nxf6+ gxf6 10.
Bc4 Bd5 11. Qe2 c6 12. a4 Bxc4 13. Qxc4 Qd5 14. Qe2 O-O 15. O-O Nd7 16. Rfe1 Rad8 17. Qc2 Kh8 18. Qe4 Rg8 19. Qxd5 cxd5 20.
g3 Rc8 1/2-1/2

[Event "Berliner Meisterschaft 2023"]
[Site "Berlin"]
[Date "2023.04.13"]
[Round "6.2"]
[White "Strache, Micheal"]
[Black "Schmidek, Emil"]
[Result "1/2-1/2"]
[TimeControl "90 minutes / 40 moves + 30 minutes + 30 seconds"]
[BlackTitle "IM"]
[WhiteFideId "4693183"]
[BlackFideId "12908150"]
[WhiteElo "2287"]
[BlackElo "2433"]

1. e4 e5 2. Nf3 Nc6 3. Nc3 Nf6 4. g3 d5 5. exd5 Nxd5 6. Bg2 Nxc3 7. bxc3 Bc5 8. O-O O-O 9. d3 Bf5 10.
Be3 Bb6 11. Nd2 Qd7 12. Nc4 Bh3 13. a4 Bxg2 14. Kxg2 Qe6 15. a5 Bxe3 16. Nxe3 f5 17. f3 Rae8 18. Qe2 Qd6 19. Qf2 e4 20.
f4 exd3 21. Rfd1 Qc5 22. Rxd3 Rd8 23. c4 Nxa5 24. Nd5 Qxf2+ 25. Kxf2 b6 26. c5 1/2-1/2